 Dungeon Crawl Stone Soup version 0.18.1-48-g4cf74bf (webtiles) character file.

9296 spiff the Nimble (level 11, -19/74 HPs)
             Began as a Halfling Arcane Marksman on June 25, 2016.
             Was a Believer of Fedhas.
             Demolished by a spiny frog (23 damage)
             ... on level 2 of the Lair of Beasts.
             The game lasted 00:45:45 (12730 turns).

spiff the Nimble (Halfling Arcane Marksman)        Turns: 12730, Time: 00:45:46

Health: -19/74     AC:  5    Str: 11    XL:     11   Next: 71%
Magic:  20/20      EV: 23    Int: 12    God:    Fedhas [**....]
Gold:   673        SH:  0    Dex: 18    Spells: 3 memorised, 15 levels left

rFire  + . .     SeeInvis .     q - +4 hunting sling (freeze)
rCold  . . .     Gourm    .     F - +2 robe {MR+}
rNeg   . . .     Faith    .     (shield restricted)
rPois  .         Spirit   .     (helmet restricted)
rElec  .         Dismiss  .     (no cloak)
rCorr  +         Reflect  .     (no gloves)
SustAt .         Harm     .     P - +0 pair of boots
MR     +....                    (no amulet)
Stlth  ++........               E - ring of resist corrosion
                                G - ring of protection from fire

@: very slightly contaminated, invisible, somewhat resistant to hostile
enchantments, unstealthy
A: horns 1, mutation resistance 1
a: Evolution, Sunlight, Renounce Religion


You were on level 2 of the Lair of Beasts.
You worshipped Fedhas.
Fedhas was pleased with you.
You were hungry.

You visited 3 branches of the dungeon, and saw 12 of its levels.
You also visited: Sewer.

You collected 673 gold pieces.

Inventory:

Hand Weapons
 q - a +4 hunting sling of freezing (weapon)
Missiles
 d - 24 sling bullets
 j - 139 stones (quivered)
Armour
 F - a +2 robe of magic resistance (worn)
 P - a +0 pair of boots (worn)
 T - a +1 leather armour of fire resistance
Jewellery
 a - a +2 ring of intelligence
 m - an uncursed ring of magical power
 p - an uncursed ring of magical power
 E - a ring of resist corrosion (right hand)
 G - a ring of protection from fire (left hand)
Wands
 h - a wand of paralysis (10/24)
 o - a wand of lightning (0/15)
 w - a wand of digging (8/24)
 A - a wand of slowing (10/48)
 J - a wand of teleportation (3/9)
 K - a wand of polymorph (3/24)
 Q - a wand of flame (24/48)
 S - a wand of teleportation (9/9)
Scrolls
 b - 2 scrolls of recharging
 e - 3 scrolls of random uselessness
 i - 2 scrolls of torment {unknown}
 s - 4 scrolls of remove curse
 u - 3 scrolls of enchant weapon
 v - a scroll of teleportation
 y - a scroll of amnesia
 D - 4 scrolls of magic mapping
 N - 6 scrolls of identify
 R - 2 scrolls of fog
Potions
 g - a potion of flight
 k - 2 potions of brilliance
 z - a potion of invisibility
 C - 3 potions of curing
 H - 2 potions of ambrosia
 I - a potion of magic
 M - 4 potions of lignification
 U - a potion of resistance
 V - a potion of degeneration
Books
 c - a book of Debilitation

   Spells                             Type                      Level
   a - Corona                         Hexes                        1
   b - Slow                           Hexes                        2
   c - Gell's Gravitas                Hexes/Translocation          3
   d - Inner Flame                    Hexes/Fire                   3
   e - Cause Fear                     Hexes                        4
   f - Leda's Liquefaction            Hexes/Earth                  4
 x - a book of Frost

   Spells                             Type                      Level
   a - Freeze                         Ice                          1
   b - Throw Frost                    Conjuration/Ice              2
   c - Ozocubu's Armour               Charms/Ice                   3
   d - Throw Icicle                   Conjuration/Ice              4
   e - Summon Ice Beast               Ice/Summoning                4
 L - a book of Death

   Spells                             Type                      Level
   a - Corpse Rot                     Necromancy                   2
   b - Sublimation of Blood           Necromancy                   2
   c - Agony                          Necromancy                   5
   d - Dispel Undead                  Necromancy                   5
   e - Excruciating Wounds            Charms/Necromancy            5
   f - Bolt of Draining               Conjuration/Necromancy       5
 O - a book of the Sky

   Spells                             Type                      Level
   a - Summon Lightning Spire         Summoning/Air                4
   b - Airstrike                      Air                          4
   c - Silence                        Hexes/Air                    5
   d - Deflect Missiles               Charms/Air                   6
   e - Conjure Ball Lightning         Conjuration/Air              6
   f - Tornado                        Air                          9
Comestibles
 f - 10 bread rations
 l - 7 beef jerkies
 n - 6 meat rations
 r - 10 slices of pizza
 t - 6 fruits
 B - a royal jelly


   Skills:
 - Level 6.5 Fighting
 - Level 9.0 Slings
 - Level 10.2 Dodging
 - Level 6.4 Spellcasting
 - Level 6.1 Hexes
 + Level 6.5 Translocations


You had 15 spell levels left.
You knew the following spells:

 Your Spells              Type           Power        Failure   Level  Hunger
a - Corona                Hex            ###....      1%          1    None
e - Gell's Gravitas       Hex/Tloc       ###.......   4%          3    ###....
i - Inner Flame           Hex/Fire       ##......     17%         3    ###....


Dungeon Overview and Level Annotations

Branches:
Dungeon (9/15)             Temple (1/1) D:4            Lair (2/8) D:9
    Orc: D:9-12

Altars:
Ashenzari
Cheibriados
Dithmenos
Elyvilon
Fedhas
Gozag
Kikubaaqudgha
Makhleb
Nemelex Xobeh
Okawaru
Pakellas
Qazlal
Ru
Sif Muna
Trog
Vehumet
Xom
Yredelemnul
Zin
The Shining One

Shops:
D:3 *   D:4 =   D:5 *

Annotations:
D:9 exclusion: 8 doors


Innate Abilities, Weirdness & Mutations

You are small and have problems with some larger weapons.
You are somewhat resistant to further mutation.
You have a pair of small horns on your head.


Message History

The river rat bites the bush but does no damage.
The iguana bites something!
The river rat bites the plant.
The spiny frog stings the bush but does no damage.
The river rat bites the bush but does no damage.
The spiny frog stings the bush but does no damage.
The iguana hisses menacingly.
The spiny frog stings the bush.
The river rat misses you.
The river rat bites the plant.
The eight-headed hydra misses you. The eight-headed hydra bites you.
* * * LOW HITPOINT WARNING * * *
The eight-headed hydra bites you!
* * * LOW HITPOINT WARNING * * *
The eight-headed hydra closely misses you.
The eight-headed hydra completely misses you.
The eight-headed hydra bites you.
* * * LOW HITPOINT WARNING * * *
The eight-headed hydra barely misses you. x2
The spiny frog stings you!!
You die...
Fedhas appreciates your contribution to the ecosystem.

. .
.#.
#..
#.#
#.##
#..
#.#
##F##
#.r@#


#PrP# ##D## #l..rlr# .#P###rr. ## ## You could see an eight-headed hydra, a
spiny frog, an iguana, 2 river rats and a friendly oklob plant.

Vanquished Creatures
  Pikel (D:4)
  A hill giant (D:9)
  The ghost of Thrillho the Destroyer, a novice DECj (D:7)
  3 spiny frogs (Lair:1)
  The ghost of Aquadorian the Slicer, a novice OpAs of Okawaru (D:5)
  A komodo dragon (Lair:1)
  A two-headed ogre (D:7)
  Sigmund (D:6)
  A human (D:8)
  7 yaks
  A hog (D:8)
  Eustachio (D:5)
  2 water moccasins
  Duvessa (D:5)
  3 porcupines (Lair:1)
  5 orc warriors
  3 sky beasts
  2 ice beasts (D:7)
  A black bear (Lair:1)
  4 phantoms
  A slave (D:4)
  4 ogres (D:9)
  2 centaurs (D:8)
  4 crocodiles
  8 giant frogs
  A big kobold (D:9)
  Dowan (D:5)
  A scorpion (D:6)
  3 giant frog zombies
  7 hounds
  3 orc wizards
  10 orc priests
  A jelly (D:7)
  A centaur skeleton (D:7)
  9 iguanas
  A worker ant (D:5)
  2 sheep (D:8)
  2 hound skeletons
  A howler monkey zombie (D:8)
  Robin (D:2)
  10 adders
  9 river rats
  2 shadow imps (D:9)
  3 worms
  A dart slug (D:3)
  3 giant geckos
  28 orcs
  13 bats
  5 giant cockroaches
  7 hobgoblins
  15 jackals
  5 quokkas
  3 ball pythons (D:3)
  2 giant gecko skeletons
  5 giant newts
  15 goblins
  11 kobolds
  A quokka skeleton (D:7)
  16 rats
258 creatures vanquished.

Vanquished Creatures (collateral kills)
  A wyvern (D:9)
  A hippogriff (Lair:1)
2 creatures vanquished.

Vanquished Creatures (others)
  3 wandering mushrooms
  A worker ant zombie (D:5)
  8 fungi
  4 plants (D:9)
  96 toadstools
112 creatures vanquished.

Grand Total: 372 creatures vanquished

Notes
Turn   | Place    | Note
--------------------------------------------------------------
     0 | D:1      | spiff the Halfling Arcane Marksman began the quest for the Orb.
     0 | D:1      | Reached XP level 1. HP: 12/12 MP: 2/2
    77 | D:1      | Reached XP level 2. HP: 18/18 MP: 3/3
   781 | D:2      | Reached XP level 3. HP: 21/22 MP: 4/4
   877 | D:2      | Reached skill level 5 in Slings
  1060 | D:1      | Gained mutation: You have a pair of small horns on your head. [potion of mutation]
  1074 | D:1      | Reached XP level 4. HP: 21/27 MP: 5/5
  1581 | D:2      | Noticed Robin
  1642 | D:2      | Killed Robin
  1727 | D:2      | Reached XP level 5. HP: 15/32 MP: 6/6
  2308 | D:3      | Found Zin's Purification Station.
  2310 | D:3      | Found a glowing silver altar of Zin.
  2556 | D:3      | Found a glowing drain.
  2561 | Sewer    | Entered a sewer
  2719 | Sewer    | Noticed a crocodile
  2739 | Sewer    | Killed a crocodile
  2739 | Sewer    | Reached XP level 6. HP: 14/37 MP: 7/7
  3072 | D:3      | Reached skill level 1 in Fighting
  3286 | D:3      | Reached skill level 3 in Dodging
  3505 | D:4      | Reached XP level 7. HP: 45/45 MP: 8/8
  3537 | D:4      | Found Uneusuvi's Jewellery Emporium.
  3602 | D:4      | Found a staircase to the Ecumenical Temple.
  3612 | Temple   | Entered the Ecumenical Temple
  3695 | Temple   | Became a worshipper of Fedhas Madash
  4177 | D:4      | Reached skill level 4 in Dodging
  4889 | D:4      | Reached XP level 8. HP: 43/52 MP: 9/9
  5088 | D:4      | Noticed Pikel
  5096 | D:4      | Killed Pikel
  5096 | D:4      | Reached skill level 6 in Dodging
  5251 | D:5      | Entered Level 5 of the Dungeon
  5278 | D:5      | Found Hirylotu's General Store.
  5327 | D:5      | Noticed Eustachio
  5359 | D:5      | Killed Eustachio
  5359 | D:5      | Reached skill level 5 in Fighting
  5379 | D:5      | Noticed Dowan
  5384 | D:5      | Killed Dowan
  5386 | D:5      | Noticed Duvessa
  5402 | D:5      | Killed Duvessa
  5402 | D:5      | Reached skill level 7 in Dodging
  5402 | D:5      | Reached XP level 9. HP: 50/61 MP: 10/10
  5577 | D:5      | Noticed Aquadorian's ghost (novice OpAs)
  6149 | D:5      | Killed Aquadorian's ghost
  6264 | D:5      | Reached skill level 8 in Dodging
  7082 | D:6      | Reached * piety under Fedhas
  7168 | D:6      | Noticed Sigmund
  7180 | D:6      | Killed Sigmund
  7180 | D:6      | Reached skill level 9 in Dodging
  7493 | D:7      | Noticed a two-headed ogre
  7497 | D:7      | Noticed Thrillho's ghost (novice DECj)
  7502 | D:7      | Killed a two-headed ogre
  7502 | D:7      | Reached skill level 10 in Dodging
  7558 | D:7      | Reached XP level 10. HP: 68/68 MP: 12/12
  8143 | D:7      | Killed Thrillho's ghost
  8377 | D:7      | Found a sparkling altar of Nemelex Xobeh.
  8434 | D:7      | Found a shadowy altar of Dithmenos.
  8434 | D:7      | Found a burning altar of Makhleb.
  8491 | D:8      | Reached skill level 5 in Spellcasting
  8736 | D:7      | HP: 3/68 [orc warrior/scimitar (21)]
  9101 | D:8      | Found a stormy altar of Qazlal.
  9213 | D:8      | Found an iron altar of Okawaru.
  9720 | D:9      | Reached XP level 11. HP: 70/72 MP: 20/20
  9736 | D:9      | Reached ** piety under Fedhas
  9796 | D:9      | Reached skill level 5 in Hexes
  9867 | D:9      | Found an ancient bone altar of Kikubaaqudgha.
  9889 | D:9      | Found a staircase to the Lair.
  9961 | D:9      | Noticed a hill giant
 10065 | D:9      | Killed a hill giant
 10070 | D:9      | Learned a level 3 spell: Inner Flame
 10074 | D:9      | Learned a level 3 spell: Gell's Gravitas
 10101 | D:9      | Noticed a cyclops
 10384 | D:9      | Found a shimmering altar of Xom.
 10384 | D:9      | Found a radiant altar of Vehumet.
 10384 | D:9      | Found an oddly glowing altar of Pakellas.
 10384 | D:9      | Found a stormy altar of Qazlal.
 10410 | D:9      | Found a deep blue altar of Sif Muna.
 10411 | D:9      | Found a shattered altar of Ashenzari.
 10412 | D:9      | Found a basalt altar of Yredelemnul.
 10413 | D:9      | Found a bloodstained altar of Trog.
 10873 | D:9      | Reached skill level 1 in Translocations
 10969 | Lair:1   | Entered Level 1 of the Lair of Beasts
 11513 | Lair:1   | Reached skill level 5 in Translocations
 11649 | Lair:1   | Found an iron altar of Okawaru.
 12625 | Lair:1   | Noticed a death yak
 12716 | Lair:2   | Noticed an eight-headed hydra
 12729 | Lair:2   | HP: 3/74 [eight-headed hydra (2)]
 12730 | Lair:2   | Demolished by a spiny frog

Skill      XL: |  1  2  3  4  5  6  7  8  9 10 11 |
---------------+----------------------------------+-----
Slings         | 4 5 7 9 |  9.0
Fighting       | 2 3 5 6 |  6.5
Dodging        | 3 4 7 10 | 10.2
Spellcasting   | 6 |  6.4
Hexes          | 4 6 |  6.1
Translocations | 6 |  6.5

Action                   |  1- 3 |  4- 6 |  7- 9 | 10-12 || total
-------------------------+-------+-------+-------+-------++-------
Melee: Whip              |    49 |    20 |       |       ||    69
       Headbutt          |     2 |     4 |       |       ||     6
 Fire: Hunting sling     |    44 |   180 |   312 |   594 ||  1130
Throw: Tomahawk          |       |       |       |     2 ||     2
 Cast: Corona            |     8 |     3 |       |       ||    11
       Gell's Gravitas   |       |       |       |     1 ||     1
Invok: Evolution         |       |       |       |     4 ||     4
Evoke: Wand              |     6 |       |       |       ||     6
  Use: Scroll            |     3 |     2 |     1 |    14 ||    20
       Potion            |     5 |     1 |       |     3 ||     9
 Stab: Sleeping          |     1 |       |       |       ||     1
  Eat: Chunk             |       |     8 |    12 |    15 ||    35
Armor: Robe              |     4 |       |     6 |    11 ||    21
       Leather armour    |    12 |    12 |     2 |       ||    26
Dodge: Dodged            |    61 |    65 |    52 |   155 ||   333
